 Dungeon Crawl Stone Soup version 0.16.2-12-gd0ad4c3 (webtiles) character file.

120992 faibistes the Eclecticist (level 16, -3/90 HPs)
             Began as a Deep Elf Wizard on Feb 5, 2018.
             Was the Champion of Sif Muna.
             Shot with a steel bolt by a naga sharpshooter (21 damage)
             ... on level 3 of the Snake Pit on Feb 6, 2018.
             The game lasted 02:36:46 (48805 turns).

faibistes the Eclecticist (Deep Elf Wizard)        Turns: 48805, Time: 02:36:46

Health: -3/90      AC: 14    Str:  4    XL:     16   Next: 31%
Magic:  20/40      EV: 17    Int: 31    God:    Sif Muna [******]
Gold:   1995       SH:  0    Dex: 13    Spells: 11 memorised, 7 levels left

rFire  + . .     SeeInvis .     Y - staff of poison
rCold  . . .     Clarity  .     x - +2 robe {MR+}
rNeg   . . .     SustAb   .     (no shield)
rPois  +         Gourm    +     b - +1 hat
rElec  .         Spirit   .     n - +2 cloak {+Inv}
rCorr  .         Warding  .     j - +2 pair of gloves
rMut   .         Stasis   .     S - +2 pair of boots {Stlth+}
MR     +++..                    z - amulet of the gourmand
Stlth  +++.......               X - ring of protection from magic
                                M - ring of protection from fire

@: extremely resistant to hostile enchantments, fairly stealthy
A: regeneration 1
a: Channel Energy, Forget Spell, Renounce Religion, Evoke Invisibility


You were on level 3 of the Snake Pit.
You worshipped Sif Muna.
Sif Muna was exalted by your worship.
You were not hungry.

You visited 6 branches of the dungeon, and saw 30 of its levels.

You collected 3100 gold pieces.
You spent 1105 gold pieces at shops.

Inventory:

Hand weapons
 w - a +9 dagger of venom
 O - the +8 quarterstaff "Clenif" {crush, *Rage rElec rC+}
   (You bought it in a shop on level 2 of the Orcish Mines)

   It inflicts extra damage upon your enemies.
   It protects you from cold.
   It insulates you from electricity.
   It may make you go berserk in combat.
 W - a +3 spear of piercing
Armour
 a - a +2 robe of cold resistance
 b - a +1 hat (worn)
 j - a +2 pair of gloves (worn)
 n - a +2 cloak of invisibility (worn)
 x - a +2 robe of magic resistance (worn)
 S - a +2 pair of boots of stealth (worn)
Magical staves
 Y - an uncursed staff of poison (weapon)
Jewellery
 z - an amulet of the gourmand (around neck)
 F - an uncursed amulet of clarity
 H - an uncursed ring of flight
 M - a ring of protection from fire (left hand)
 X - a ring of protection from magic (right hand)
 Z - the ring "Tiqyfim" {SustAb Str+3}
   (You found it on level 5 of the Lair of Beasts)

   [ring of sustain abilities]

   It sustains your strength, intelligence and dexterity.
   It affects your strength (+3).
Magical devices
 c - a wand of polymorph (13)
 i - a wand of digging (11)
 o - a wand of digging (16)
 v - a wand of fire (0)
 C - a wand of teleportation (3)
 G - a wand of paralysis (15)
 I - a wand of hasting (3)
 J - a wand of digging (20)
 R - a wand of disintegration (12)
 U - a wand of invisibility (5)
Scrolls
 f - 4 scrolls of recharging
 g - 3 scrolls of fear
 m - 13 scrolls of remove curse
 r - 5 scrolls of blinking
 t - a scroll of summoning
 u - 6 scrolls of teleportation
 y - 3 scrolls of fog
 D - 6 scrolls of magic mapping
 P - 8 scrolls of identify
 T - 2 scrolls of immolation
Potions
 e - 4 potions of heal wounds
 h - 6 potions of curing
 k - 3 potions of invisibility
 p - 4 potions of magic
 q - 3 potions of resistance
 s - 4 potions of haste
 E - 3 potions of cure mutation
 K - 2 potions of ambrosia
 L - 3 potions of cancellation
 Q - a potion of brilliance
 V - 2 potions of flight
Books
 A - Roxanne's Reference Book on the Mountains
   (You took it off Roxanne on level 1 of the Snake Pit)

   Spells                             Type                      Level
   a - Sandblast                      Earth                        1
   b - Stone Arrow                    Conjuration/Earth            3
   c - Petrify                        Transmutation/Earth          4
   d - Bolt of Magma                  Conjuration/Fire/Earth       5
   e - Statue Form                    Transmutation/Earth          6
 B - a book of Dreams

   Spells                             Type                      Level
   a - Ensorcelled Hibernation        Hexes/Ice                    2
   b - Flight                         Charms/Air                   3
   c - Phase Shift                    Translocation                5
   d - Shadow Creatures               Summoning                    5
   e - Mass Confusion                 Hexes                        6
   f - Darkness                       Hexes                        7
Comestibles
 d - 14 bread rations
 l - 6 meat rations


   Skills:
 + Level 6.9 Fighting
 - Level 10.2 Dodging
 - Level 2.4 Stealth
 * Level 16.3 Spellcasting
 + Level 11.1 Conjurations
 - Level 7.2 Charms
   Level 4.7 Summonings
 - Level 5.1 Necromancy
 * Level 11.3 Translocations
 - Level 3.2 Transmutations
 + Level 10.9 Fire Magic
 - Level 4.5 Air Magic
 * Level 8.8 Earth Magic
 * Level 4.0 Poison Magic
 - Level 10.0 Invocations
 - Level 9.0 Evocations


You had 7 spell levels left.
You knew the following spells:

 Your Spells              Type           Power        Failure   Level  Hunger
a - Magic Dart            Conj           ####         1%          1    None
b - Conjure Flame         Conj/Fire      #######.     1%          3    None
d - Blink                 Tloc           N/A          1%          2    None
e - Mephitic Cloud        Conj/Pois/Air  #######.     1%          3    None
f - Repel Missiles        Chrm/Air       ######       1%          2    None
g - Iskenderun's Battles  Conj/Chrm      ######..     1%          5    None
h - Agony                 Necr           ######..     8%          5    None
i - Ignite Poison         Fire/Trmt      ######....   2%          5    None
v - Bolt of Magma         Conj/Fire/Erth ######....   1%          5    None
x - Force Lance           Conj/Tloc      #######.     1%          4    None
z - Fireball              Conj/Fire      #######...   1%          5    None


Dungeon Overview and Level Annotations

Branches:
Dungeon (12/15)            Temple (1/1) D:4            Lair (8/8) D:9
 Shoals (0/5) Lair:4        Snake (3/5) Lair:4        Slime (0/6) Lair:7
    Orc (4/4) D:11            Elf (2/3) Orc:3

Altars:
Ashenzari
Cheibriados
Dithmenos
Elyvilon
Fedhas
Gozag
Kikubaaqudgha
Makhleb
Nemelex Xobeh
Okawaru
Qazlal
Ru
Sif Muna
Trog
Vehumet
Xom
Yredelemnul
Zin
The Shining One

Shops:
D:4 (*!   Orc:2 (   Orc:3 !   Orc:4 ([*:


Innate Abilities, Weirdness & Mutations

Your natural rate of healing is unusually fast.


Message History

Aim: an anaconda (moderately wounded)
The fireball explodes!
The fireball engulfs the anaconda.
The anaconda is heavily wounded.
The anaconda misses you. The anaconda bites you!
The naga sharpshooter mumbles some strange words.
The naga sharpshooter magically shoots a steel bolt.
The steel bolt hits you!!
* * * LOW HITPOINT WARNING * * *
A naga ritualist comes into view. It is wielding a dagger of venom.
Casting: Fireball
Confirm with . or Enter, or press ? or * to list all spells.
Aiming: Force Lance
Press: ? - help, Shift-Dir - straight line, f/p - anaconda
Aim: an anaconda (heavily wounded)
The lance of force hits the anaconda.
The anaconda is severely wounded.
The anaconda is knocked back by the lance of force.
The naga sharpshooter shoots a steel bolt.
The steel bolt hits you!!
You die...

.. ..... .##
.##...# ..#
..... #.# #.
...####.##
#...##...#...)##
#.....<..#.N..N
####......[...#
#....).....#
##....S..@.#
##.......(....$#
#......######..
##....N ##...#
#... ...# ..


You could see a naga sharpshooter, an anaconda, a naga ritualist and a naga
mage.

Vanquished Creatures
  A deep elf blademaster (Elf:2)
  Roxanne (Snake:1)
  A deep elf sorcerer (Elf:1)
  An orc warlord (Orc:4)
  A stone giant (Orc:3)
  3 deep elf annihilators
  A deep elf high priest (Elf:1)
  11 hydras
  3 anacondas
  14 dancing weapons
  2 catoblepae (Lair:8)
  2 shock serpents
  6 orc high priests
  A naga sharpshooter (Snake:1)
  20 deep elf knights
  A fire crab (Lair:8)
  4 deep elf summoners
  4 orc knights
  Pikel (D:7)
  A mana viper (Snake:1)
  A hill giant (D:10)
  14 deep elf conjurers
  6 orc sorcerers
  A necromancer (Lair:6)
  3 griffons (Lair:8)
  An ugly thing (D:11)
  Maurice (D:8)
  6 elephants
  Joseph (D:8)
  2 manticores (Lair:8)
  8 black mambas
  2 centaur skeletons (D:11)
  3 naga magi (Snake:1)
  8 spiny frogs
  7 komodo dragons
  2 small abominations (Orc:3)
  An elf (shapeshifter) (Orc:3)
  2 fire drakes
  14 deep elf priests
  A wandering mushroom (Lair:8)
  8 trolls
  A polar bear (shapeshifter) (Elf:2)
  3 two-headed ogres
  5 slime creatures
  A boulder beetle (Lair:6)
  21 blink frogs
  8 basilisks
  A wraith (D:10)
  15 deep elf magi
  A wyvern (Lair:8)
  48 yaks
  A spriggan (D:8)
  A tarantella (Elf:2)
  Grum (Orc:4)
  27 deep elf fighters
  A neqoxec (Orc:4)
  A hungry ghost (D:10)
  Edmund (D:7)
  12 wolves
  10 nagas
  15 water moccasins
  19 hippogriffs
  A soldier ant (D:11)
  5 wargs
  6 porcupines
  3 slaves (D:7)
  4 phantoms
  A wasp (D:11)
  18 ogres
  An eye of draining (D:10)
  12 ice beasts
  2 necrophages
  32 orc warriors
  A boring beetle (Lair:8)
  19 crocodiles
  3 sky beasts
  3 centaurs
  17 giant frogs
  The ghost of faibistes the Magician, an average DEWz (D:3)
  A big kobold (D:9)
  Blork the orc (D:7)
  4 scorpions
  23 killer bees
  5 electric eels
  12 wights
  2 quasits
  5 goliath beetles
  3 jellies
  4 crimson imps
  A centaur zombie (D:5)
  4 giant frog zombies
  Crazy Yiuf (D:3)
  11 hounds
  9 iguanas
  24 orc priests
  A giant frog skeleton (D:4)
  39 orc wizards
  2 wolf simulacra (Lair:6)
  3 polar bear simulacra (Lair:6)
  7 worker ants
  A hell rat (Elf:2)
  2 killer bee zombies
  14 sheep
  A hound skeleton (D:6)
  8 gnolls
  A mummy (D:8)
  A worker ant zombie (D:7)
  53 river rats
  7 shadow imps
  18 adders
  A giant mite (D:11)
  4 worms
  An adder skeleton (D:8)
  9 giant geckos
  3 oozes
  210 orcs
  3 ball pythons
  A bat skeleton (D:7)
  9 giant cockroaches
  23 goblins
  21 hobgoblins
  14 quokkas
  17 bats
  6 giant newts
  2 giant spores
  23 jackals
  22 kobolds
  7 orc zombies (Orc:4)
  8 rats
  3 river rat simulacra (Lair:6)
  2 ballistomycetes (D:11)
  A crawling corpse (Elf:1)
  A fungus (Elf:1)
  2 plants (Lair:8)
1154 creatures vanquished.

Vanquished Creatures (collateral kills)
  A centaur skeleton (D:11)
  A killer bee (D:9)
  3 orcs (D:3)
5 creatures vanquished.

Vanquished Creatures (others)
  A deep elf mage (Elf:1)
  A slave (D:7)
  3 crimson imps
  An iron imp (D:11)
  A shadow imp (D:7)
  3 bushes (Lair:8)
  42 fungi
  25 plants
77 creatures vanquished.

Grand Total: 1236 creatures vanquished

Notes
Turn   | Place    | Note
--------------------------------------------------------------
     0 | D:1      | faibistes, the Deep Elf Wizard, began the quest for the Orb.
     0 | D:1      | Reached XP level 1. HP: 10/10 MP: 6/6
   262 | D:1      | Reached XP level 2. HP: 15/15 MP: 3/9
   324 | D:1      | Learned a level 2 spell: Blink
   327 | D:1      | Learned a level 2 spell: Call Imp
  1263 | D:2      | Reached XP level 3. HP: 19/19 MP: 10/13
  1275 | D:2      | Learned a level 3 spell: Conjure Flame
  1279 | D:2      | Learned a level 3 spell: Mephitic Cloud
  1446 | D:2      | Reached skill level 5 in Spellcasting
  1605 | D:2      | Found a sparkling altar of Nemelex Xobeh.
  2243 | D:3      | Reached XP level 4. HP: 24/24 MP: 9/17
  2289 | D:3      | Learned a level 2 spell: Repel Missiles
  2395 | D:3      | Noticed faibistes' ghost (average DEWz)
  2410 | D:3      | Killed faibistes' ghost
  2410 | D:3      | Reached XP level 5. HP: 17/28 MP: 8/20
  2585 | D:3      | Reached skill level 6 in Spellcasting
  2589 | D:3      | HP: 1/28 [orc/trident (2)]
  3040 | D:3      | Noticed Crazy Yiuf
  3051 | D:3      | Killed Crazy Yiuf
  3176 | D:4      | Reached XP level 6. HP: 32/32 MP: 17/22
  3223 | D:4      | Noticed a phantom
  3377 | D:4      | Killed a phantom
  3475 | D:4      | Found Orit's Distillery.
  3482 | D:4      | Reached skill level 7 in Spellcasting
  3515 | D:4      | Reached skill level 1 in Fighting
  3707 | D:4      | Bought a potion of heal wounds for 55 gold pieces
  3903 | D:3      | Reached XP level 7. HP: 38/38 MP: 4/25
  4184 | D:5      | Entered Level 5 of the Dungeon
  4335 | D:4      | Reached skill level 1 in Evocations
  4582 | D:4      | Found Peanea's General Store.
  4670 | D:4      | Bought a scroll of blinking for 82 gold pieces
  4738 | D:4      | Found Clitsucs' Weapon Boutique.
  4758 | D:4      | Bought a scroll of blinking for 82 gold pieces
  4827 | D:4      | Found a staircase to the Ecumenical Temple.
  4832 | Temple   | Entered the Ecumenical Temple
  4841 | Temple   | Became a worshipper of Sif Muna the Loreminder
  5099 | D:4      | Reached skill level 8 in Spellcasting
  5572 | D:5      | Reached skill level 1 in Air Magic
  5723 | D:5      | Reached skill level 1 in Fire Magic
  5842 | D:5      | Reached XP level 8. HP: 44/44 MP: 13/27
  6233 | D:5      | Reached skill level 5 in Dodging
  6237 | D:5      | Reached skill level 1 in Poison Magic
  6548 | D:5      | Acquired Sif Muna's first power
  6656 | D:5      | Found a glowing silver altar of Zin.
  7064 | D:5      | Reached skill level 5 in Conjurations
  7268 | D:5      | Found a white marble altar of Elyvilon.
  7268 | D:5      | Found a radiant altar of Vehumet.
  8189 | D:6      | Acquired Sif Muna's second power
  8676 | D:7      | Noticed Edmund
  8694 | D:7      | Killed Edmund
  8694 | D:7      | Reached skill level 9 in Spellcasting
  8694 | D:7      | Reached XP level 9. HP: 32/48 MP: 11/29
  9018 | D:7      | Noticed Blork the orc
  9030 | D:7      | Killed Blork the orc
  9080 | D:7      | Noticed Pikel
  9169 | D:7      | Killed Pikel
  9649 | D:7      | Identified a scroll of acquirement
  9650 | D:7      | Identified the Handbook of the Arsonist (You acquired it on level 7 of the Dungeon)
  9657 | D:7      | Learned a level 5 spell: Ignite Poison
  9743 | D:7      | Reached skill level 1 in Invocations
  9762 | D:7      | Reached skill level 1 in Transmutations
 11608 | D:8      | Reached XP level 10. HP: 54/54 MP: 25/31
 11695 | D:8      | Reached skill level 10 in Spellcasting
 11695 | D:8      | Reached skill level 1 in Charms
 12174 | D:8      | Noticed Maurice
 12179 | D:8      | Noticed Joseph
 12196 | D:8      | Killed Joseph
 12223 | D:8      | Killed Maurice
 12862 | D:10     | Entered Level 10 of the Dungeon
 13267 | D:8      | Acquired Sif Muna's third power
 13533 | D:9      | Found a staircase to the Lair.
 13534 | D:9      | Noticed an elephant
 13572 | D:8      | Learned a level 5 spell: Bolt of Draining
 13678 | D:8      | Reached skill level 1 in Necromancy
 13940 | D:9      | Killed an elephant
 14286 | D:9      | Gained mutation: Your natural rate of healing is unusually fast. [potion of beneficial mutation]
 15013 | Lair:1   | Entered Level 1 of the Lair of Beasts
 15067 | Lair:1   | Reached skill level 5 in Fire Magic
 15071 | Lair:1   | Reached skill level 11 in Spellcasting
 15079 | Lair:1   | Reached XP level 11. HP: 42/60 MP: 23/33
 16236 | Lair:1   | Reached skill level 5 in Invocations
 17301 | Lair:2   | Reached skill level 5 in Translocations
 18070 | Lair:4   | Received a gift from Sif Muna
 18071 | Lair:4   | Identified Sif Muna's Volume of Attacks (Sif Muna gifted it to you on level 4 of the Lair of Beasts)
 18181 | Lair:4   | Found a staircase to the Snake Pit.
 18196 | Lair:3   | Learned a level 5 spell: Iskenderun's Battlesphere
 18308 | Lair:3   | Reached skill level 12 in Spellcasting
 18999 | Lair:3   | Reached skill level 5 in Necromancy
 19214 | Lair:3   | Reached XP level 12. HP: 56/66 MP: 29/35
 20148 | Lair:4   | Found a staircase to the Shoals.
 20513 | Lair:5   | Noticed a five-headed hydra
 20519 | Lair:5   | Killed a five-headed hydra
 20635 | Lair:5   | Reached skill level 5 in Charms
 20635 | Lair:5   | Reached skill level 5 in Evocations
 20753 | Lair:5   | Got a fine amber ring
 20755 | Lair:5   | Identified the ring "Tiqyfim" {SustAb Str+3} (You found it on level 5 of the Lair of Beasts)
 21959 | Lair:5   | Noticed a four-headed hydra
 21964 | Lair:5   | Killed a four-headed hydra
 23045 | Lair:8   | Entered Level 8 of the Lair of Beasts
 23382 | Lair:6   | Noticed a six-headed hydra
 23386 | Lair:6   | Killed a six-headed hydra
 23853 | Lair:7   | Found a staircase to the Slime Pits.
 23977 | Lair:6   | Reached skill level 13 in Spellcasting
 24162 | Lair:6   | Noticed a six-headed hydra
 24190 | Lair:6   | Killed a six-headed hydra
 24190 | Lair:6   | Received a gift from Sif Muna
 24190 | Lair:6   | Reached XP level 13. HP: 70/72 MP: 9/36
 24191 | Lair:6   | Identified Sif Muna's Collected Works on the Traveller (Sif Muna gifted it to you on level 6 of the Lair of Beasts)
 24197 | Lair:6   | Learned a level 4 spell: Force Lance
 25015 | Lair:7   | Reached skill level 5 in Fighting
 25295 | Lair:7   | Noticed an eight-headed hydra
 25300 | Lair:7   | Killed an eight-headed hydra
 25712 | Lair:8   | Noticed a six-headed hydra
 25722 | Lair:8   | Killed a six-headed hydra
 26760 | Lair:8   | Noticed a catoblepas
 26767 | Lair:8   | Noticed a catoblepas
 26771 | Lair:8   | Killed a catoblepas
 27010 | Lair:8   | Killed a catoblepas
 27144 | Lair:8   | Noticed a seven-headed hydra
 27295 | Lair:8   | Killed a seven-headed hydra
 28814 | Lair:8   | Received a gift from Sif Muna
 28824 | Lair:8   | Reached XP level 14. HP: 58/78 MP: 2/37
 28843 | Lair:8   | Learned a level 5 spell: Bolt of Magma
 29788 | D:10     | Noticed a hill giant
 29797 | D:10     | Killed a hill giant
 29797 | D:10     | Reached skill level 14 in Spellcasting
 29797 | D:10     | Reached skill level 1 in Earth Magic
 32967 | D:11     | Found a staircase to the Orcish Mines.
 33133 | Orc:1    | Entered Level 1 of the Orcish Mines
 33563 | Orc:4    | Entered Level 4 of the Orcish Mines
 33609 | Orc:3    | Noticed Grum
 33768 | Orc:4    | Killed Grum
 34943 | Orc:2    | Found Ciasm's Antique Weapon Shoppe.
 34971 | Orc:2    | Bought a faintly glowing quarterstaff for 243 gold pieces
 34971 | Orc:2    | Identified the +8 quarterstaff "Clenif" {crush, *Rage rElec rC+} (You bought it in a shop on level 2 of the Orcish Mines)
 35611 | Orc:3    | Found a staircase to the Elven Halls.
 36605 | Orc:3    | Found Steta's Distillery.
 36622 | Orc:3    | Bought a potion of heal wounds for 70 gold pieces
 36622 | Orc:3    | Bought a potion of brilliance for 56 gold pieces
 37070 | Orc:4    | Received a gift from Sif Muna
 37071 | Orc:4    | Identified Imniagrav's Papyrus of Confrontation and Flames (Sif Muna gifted it to you on level 4 of the Orcish Mines)
 37087 | Orc:3    | Learned a level 5 spell: Fireball
 37429 | Orc:4    | Reached skill level 10 in Invocations
 38502 | Orc:4    | Noticed an orc warlord
 38507 | Orc:4    | Killed an orc warlord
 38895 | Orc:4    | Reached skill level 10 in Conjurations
 39274 | Orc:4    | Found Oqaikh's Antique Armour Shoppe.
 39289 | Orc:4    | Found Cecaxuem's Antique Weapon Shoppe.
 39290 | Orc:4    | Found Denwaf's General Store.
 39290 | Orc:4    | Found Oluesinu's Book Emporium.
 39307 | Orc:4    | Bought a pair of jewelled boots for 351 gold pieces
 39316 | Orc:4    | Identified the cursed -3 pair of boots "Peomen" {rN+ Regen+ Str+2 Int+2 Dex+4} (You bought it in a shop on level 4 of the Orcish Mines)
 39727 | Lair:2   | Learned a level 5 spell: Agony
 40091 | Elf:1    | Entered Level 1 of the Elven Halls
 40441 | Orc:3    | Reached skill level 5 in Earth Magic
 40680 | Elf:1    | Reached skill level 10 in Fire Magic
 40800 | Elf:1    | Reached XP level 15. HP: 75/84 MP: 23/39
 41109 | Elf:1    | Reached skill level 15 in Spellcasting
 42261 | Elf:1    | Reached skill level 10 in Dodging
 42361 | Orc:4    | Bought a pair of embroidered boots for 166 gold pieces
 42801 | Elf:1    | Received a gift from Sif Muna
 42802 | Elf:1    | Reached skill level 10 in Translocations
 42815 | Elf:1    | Identified Sif Muna's Disquisition on Dislocated Good Luck (Sif Muna gifted it to you on level 1 of the Elven Halls)
 44754 | Elf:2    | Found a runed gate.
 44864 | Elf:2    | Found a runed gate.
 44866 | Elf:2    | Found a runed gate.
 45868 | Elf:2    | Noticed a deep elf blademaster
 45874 | Elf:2    | Killed a deep elf blademaster
 45878 | Elf:2    | Reached skill level 16 in Spellcasting
 46029 | Elf:2    | Reached XP level 16. HP: 90/90 MP: 29/40
 46368 | Elf:2    | Received a gift from Sif Muna
 46369 | Elf:2    | Identified Sif Muna's Disquisition on Confrontation and the Birds (Sif Muna gifted it to you on level 2 of the Elven Halls)
 47087 | Snake:1  | Entered Level 1 of the Snake Pit
 47662 | Snake:1  | You fall through a shaft!
 47854 | Snake:3  | Found a shimmering altar of Xom.
 48059 | Snake:1  | Noticed Roxanne
 48228 | Snake:1  | HP: 1/90 [Roxanne/crystal spear (50)]
 48371 | Snake:1  | Killed Roxanne
 48377 | Snake:1  | Identified Roxanne's Reference Book on the Mountains (You took it off Roxanne on level 1 of the Snake Pit)
 48805 | Snake:3  | Shot with a steel bolt by a naga sharpshooter

Action                   |  1- 3 |  4- 6 |  7- 9 | 10-12 | 13-15 | 16-18 || total
-------------------------+-------+-------+-------+-------+-------+-------++-------
Melee: Spear             |     2 |    12 |    56 |       |       |       ||    70
       Unarmed           |     1 |       |       |       |       |       ||     1
       Dagger            |    16 |    34 |    93 |   303 |   271 |       ||   717
 Cast: Magic Dart        |    97 |    96 |   462 |   365 |   411 |    22 ||  1453
       Mephitic Cloud    |     1 |    10 |    21 |    38 |     8 |       ||    78
       Call Imp          |     1 |     2 |     5 |       |     1 |       ||     9
       Conjure Flame     |       |     4 |    41 |    94 |    45 |       ||   184
       Repel Missiles    |       |     1 |       |       |     4 |     1 ||     6
       Blink             |       |     2 |    11 |    24 |    13 |     3 ||    53
       Bolt of Draining  |       |       |       |    38 |    50 |       ||    88
       Ignite Poison     |       |       |       |    63 |    31 |     4 ||    98
       Iskenderun's Batt |       |       |       |     7 |    67 |    10 ||    84
       Force Lance       |       |       |       |       |    99 |    17 ||   116
       Bolt of Magma     |       |       |       |       |   143 |     1 ||   144
       Fireball          |       |       |       |       |   213 |    68 ||   281
       Agony             |       |       |       |       |    18 |     4 ||    22
Invok: Channel Energy    |       |       |     1 |    13 |    52 |    29 ||    95
       Forget Spell      |       |       |       |       |     1 |       ||     1
Evoke: Wand              |       |       |     7 |       |     1 |     3 ||    11
  Use: Scroll            |     4 |     1 |    14 |    16 |    13 |     5 ||    53
       Potion            |       |       |       |     3 |     5 |     1 ||     9
 Stab: Sleeping          |     1 |       |       |       |     1 |       ||     2
       Distracted        |     1 |       |       |       |       |       ||     1
       Confused          |       |     3 |     4 |    11 |     1 |       ||    19
  Eat: Chunk             |     3 |     6 |    20 |    43 |    61 |     8 ||   141
       Fruit             |       |       |     3 |     4 |    11 |     2 ||    20
       Beef jerky        |       |       |       |     1 |     3 |       ||     4
       Pizza             |       |       |       |     1 |       |       ||     1
       Royal jelly       |       |       |       |       |       |     2 ||     2
       Bread ration      |       |       |       |       |       |     1 ||     1
